 Dungeon Crawl Stone Soup version 0.27-a0-1312-g5cdb2b3542 (webtiles) character file.

Game seed: 854724580229984666

197 zblv the Digger (level 5, -4/28 HPs)
             Began as a Gargoyle Earth Elementalist on June 19, 2021.
             Slain by a gnoll shaman (9 damage)
             ... on level 4 of the Dungeon.
             The game lasted 00:11:58 (4110 turns).

zblv the Digger (Gargoyle Earth Elementalist)       Turns: 4110, Time: 00:11:59

Health: -4/28      AC:  6    Str: 12    XL:     5   Next: 75%
Magic:  1/10       EV: 11    Int: 16    God:
Gold:   132        SH:  4    Dex: 10    Spells: 2/11 levels left

rFire    . . .     SeeInvis .   n - +1 mace (freeze)
rCold    + . .     Faith    .   (no shield)
rNeg     + . .     Spirit   .   b - +0 robe
rPois    ∞         Reflect  .   (no helmet)
rElec    +         Harm     .   (no cloak)
rCorr    .         Rampage  .   (no gloves)
Will     .....                  (no boots)
Stlth    +.........             (no amulet)
HPRegen  0.09/turn              a - ring of protection from cold
MPRegen  0.12/turn              (no ring)

@: mighty, brilliant, lit by a corona, attractive, glowing
A: sickness immunity, AC +4, negative energy resistance 1, electricity
resistance, torment resistance 1, petrification resistance, large bone plates 1,
sturdy frame 1
a: no special abilities


You were on level 4 of the Dungeon.
You visited 1 branch of the dungeon, and saw 4 of its levels.
You also visited: Sewer.

You collected 132 gold pieces.

Inventory:

Hand Weapons
 n - a +1 mace of freezing (weapon)
Missiles
 c - 39 stones
Armour
 b - a +0 robe (worn)
Jewellery
 a - a ring of protection from cold (left hand)
Scrolls
 d - 2 scrolls of teleportation
 f - a scroll of immolation
 g - 4 scrolls of magic mapping
 m - a scroll of enchant weapon


   Skills:
 - Level 1.5 Dodging
 - Level 2.1 Stealth
 + Level 3.5 Spellcasting
 + Level 2.6 Conjurations
 - Level 0.7 Transmutations
 + Level 5.4 Earth Magic


You had 2 spell levels left.
You knew the following spells:

 Your Spells              Type           Power      Damage    Failure   Level
a - Sandblast             Erth           60%        2d14      1%          1
b - Stone Arrow           Conj/Erth      46%        3d9       10%         3
c - Lee's Rapid Deconstr  Erth           15%        3d11*     45%         5

Your spell library contained the following spells:

 Spells                   Type           Power      Damage    Failure   Level
 Passwall                 Tmut/Erth      15%        N/A       8%          2
 Sting                    Tmut/Pois      24%        1d4       16%         1
 Corona                   Hex            4%         N/A       19%         1
 Freeze                   Ice            16%        1d4       19%         1
 Summon Small Mammal      Summ           16%        N/A       19%         1
 Call Imp                 Summ           4%         N/A       26%         2
 Ensorcelled Hibernation  Hex/Ice        8%         N/A       26%         2
 Conjure Flame            Conj/Fire      10%        6-21      30%         3
 Dazzling Flash           Conj/Hex       20%        N/A       30%         3
 Mephitic Cloud           Conj/Pois/Air  8%         N/A       36%         3
 Petrify                  Tmut/Erth      19%        N/A       45%         4
 Call Canine Familiar     Summ           4%         N/A       47%         3
 Confusing Touch          Hex            4%         N/A       47%         3
 Frozen Ramparts          Ice            8%         1d2       47%         3
 Ozocubu's Armour         Ice            4%         N/A       47%         3
 Summon Guardian Golem    Hex/Summ       4%         N/A       47%         3
 Tukima's Dance           Hex            4%         N/A       47%         3
 Hailstorm                Conj/Ice       10%        3d5       71%         4
 Bolt of Magma            Conj/Fire/Erth 8%         4d6       85%         5
 Olgreb's Toxic Radiance  Pois           4%         N/A       87%         4
 Summon Ice Beast         Ice/Summ       4%         N/A       87%         4
 Summon Lightning Spire   Summ/Air       4%         N/A       87%         4
 Metabolic Englaciation   Hex/Ice        2%         N/A       99%         5


Dungeon Overview and Level Annotations

Branches:
Dungeon (4/15)              Sewer (visited)
 Temple: D:4-7

Altars:

Shops:
D:4 (


Innate Abilities, Weirdness & Mutations

You are immune to sickness and miasma.
Your stone body is resilient. (AC +4)
You are immune to poison.
You resist negative energy. (rN+)
You are resistant to electric shocks. (rElec)
You are resistant to unholy torment.
You are immune to petrification.
You are partially covered in large bone plates. (SH +4)
Your movements are slightly less encumbered by armour. (ER -2)


Message History

Aim: a goblin, wielding a +0 dagger (76% to hit)
Okay, then.
It was a potion of attraction.
You feel attractive to monsters. The goblin hits you but does no damage.
The gnoll is pulled toward you! The gnoll shaman is pulled toward you!
The gnoll is pulled toward you!
You feel clever all of a sudden.
The gnoll hits you from afar with a +0 spear.
* * * LOW HITPOINT WARNING * * *
You block the goblin's attack.
The gnoll shaman mumbles some strange prayers to its god.
The gnoll shaman is healed somewhat.
Unknown command.
Casting: Sandblast (safe; 1% risk of failure)
Confirm with . or Enter, or press ? or * to list all spells.
Aiming: Sandblast (safe; 1% risk of failure)
Press: ? - help, Shift-Dir - straight line, f/p - gnoll shaman
Aim: a gnoll shaman, wielding a +0 club and wearing a +0 robe (heavily wounded, 84% to hit)
You feel a surge of power!
The blast of sand misses the goblin.
The blast of sand hits the gnoll!
You kill the gnoll!
The goblin hits you but does no damage. The gnoll is pulled toward you!
Casting: Sandblast (safe; 1% risk of failure)
Confirm with . or Enter, or press ? or * to list all spells.
Aiming: Sandblast (safe; 1% risk of failure)
Press: ? - help, Shift-Dir - straight line, f/p - gnoll shaman
Aim: a gnoll shaman, wielding a +0 club and wearing a +0 robe (heavily wounded, 84% to hit)
You feel a surge of power!
The blast of sand hits the goblin!!
You kill the goblin!
The gnoll is pulled toward you!
Casting: Sandblast (safe; 1% risk of failure)
Confirm with . or Enter, or press ? or * to list all spells.
Aiming: Sandblast (safe; 1% risk of failure)
Press: ? - help, Shift-Dir - straight line, f/p - gnoll shaman
Aim: a gnoll shaman, wielding a +0 club and wearing a +0 robe (heavily wounded, 84% to hit)
You feel a surge of power!
The blast of sand hits the gnoll shaman but does no damage.
The gnoll shaman is heavily wounded.
The gnoll shaman hits you with a +0 club!
You die...

#.#### ##...## #.#*##
##.....# #)##.##
##.......
#.#...####........
#........+........
#.#...####........
#g##.## ##.......
#g#*## ##.....# #@#
##...## #.# ##+## #.#
*,* #.# ********,* #.#
*,,,,,,,,** #.#
*,*****,,,** #.# *,*
*,,,,,*
*****#.#****,*****,,,**
*,,,,,,,,,,,,,,,,,,,,,,


You could see a gnoll shaman and a gnoll.

Vanquished Creatures
  An orc wizard (D:3)
  Terence (D:3)
  2 gnolls (D:4)
  5 adders
  A worm (D:2)
  2 dart slugs
  8 orcs
  6 ball pythons
  6 endoplasms
  8 giant cockroaches
  6 goblins
  A hobgoblin (D:1)
  2 jackals (D:3)
  A kobold (D:2)
  5 quokkas
  2 bats (D:1)
  9 frilled lizards
  5 rats
71 creatures vanquished.

Notes
Turn   | Place    | Note
-------+----------+-------------------------------------------
     0 | D:1      | zblv the Gargoyle Earth Elementalist began the quest for
                  | the Orb.
     0 | D:1      | Reached XP level 1. HP: 10/10 MP: 3/3
   148 | D:1      | Reached skill level 4 in Earth Magic
   148 | D:1      | Reached XP level 2. HP: 15/15 MP: 5/5
  1060 | D:2      | Reached XP level 3. HP: 19/19 MP: 0/6
  1064 | D:2      | Learned a level 3 spell: Stone Arrow
  1802 | D:2      | Identified Ejadick's Reference Book on Toxins and Heat
  1987 | D:3      | Noticed Terence
  2168 | D:3      | Killed Terence
  2169 | D:3      | Reached skill level 1 in Conjurations
  2169 | D:3      | Reached XP level 4. HP: 13/24 MP: 2/8
  2186 | D:3      | Found a faded altar of an unknown god.
  2322 | D:3      | Reached skill level 5 in Earth Magic
  2329 | D:3      | Found a glowing drain.
  2345 | Sewer    | Entered a sewer
  2584 | Sewer    | Reached XP level 5. HP: 26/28 MP: 9/9
  2590 | Sewer    | Learned a level 5 spell: Lee's Rapid Deconstruction
  4062 | D:4      | Found Hejidiaj's Weapon Shoppe.
  4090 | D:4      | Gained mutation: Your movements are slightly less
                  | encumbered by armour. (ER -2) [potion of mutation]
  4090 | D:4      | Gained mutation: You are partially covered in large bone
                  | plates. (SH +4) [potion of mutation]
  4110 | D:4      | Slain by a gnoll shaman

Illustrated notes

Levels and vault maps discovered:
D:1:      psy_arrival_whirlpool, layout_basic
D:2:      layout_basic
D:3:      layout_basic, gup_sewer_entry_pipe, basic_ecumenical_altar,
          uniq_terence
D:4:      layout_loops_corners, serial_shops, nicolae_shop_crystal,
          minmay_misc_feat_enclosed, kennysheep_crisscross

Skill      XL: |  1  2  3  4 |
---------------+-------------+-----
Earth Magic    | 4 5 |  5.4
Spellcasting   | 3 |  3.5
Conjurations   | 1 2 |  2.6
Dodging        | |  1.5
Stealth        | |  2.1
Transmutations | |  0.7

Action                   |  1- 3 |  4- 6 || total
-------------------------+-------+-------++-------
Melee: Unarmed           |     7 |       ||     7
       Club              |    19 |       ||    19
       Mace              |    16 |   121 ||   137
 Cast: Sandblast         |    32 |    29 ||    61
       Stone Arrow       |     1 |       ||     1
  Use: Scroll            |     6 |     4 ||    10
       Potion            |     1 |     6 ||     7
 Stab: Sleeping          |     2 |     1 ||     3
Armor: Robe              |    16 |    88 ||   104
Dodge: Dodged            |    35 |   118 ||   153
Block: Other             |       |     1 ||     1

Table legend: (Time is in decaauts)
 A = Elapsed time spent in this place.
 B = Non-inter-level travel time spent in this place.
 C = Inter-level travel time spent in this place.
 D = Time resting spent in this place.
 E = Time spent auto-exploring this place.
 F = Levels seen in this place.
 G = Mean time per level.
                   A        B        C        D        E       F      G
               +--------+--------+--------+--------+--------+-----+--------+
         Total |   4240 |   4143 |     97 |    230 |   2968 |   5 |  848.0 |
       Dungeon |   3335 |   3238 |     97 |      0 |   2504 |   4 |  833.8 |
         Sewer |    905 |    905 |      0 |    230 |    464 |   1 |  905.0 |
               +--------+--------+--------+--------+--------+-----+--------+

Top non-repeatable levels by time:
     D:1: 1031 daAuts
     D:3: 959 daAuts
     D:2: 956 daAuts
   Sewer: 905 daAuts
     D:4: 387 daAuts
